 Dungeon Crawl Stone Soup version 0.31-a0-559-g03b8d61ab2 (webtiles) character file.

Game seed: 16904448786532547187

133 Ethylacetat the Insei (level 5, -1/36 HPs)
             Began as an Octopode Gladiator on Aug 17, 2023.
             Slain by a gnoll
             ... wielding a +0 spear
              (6 damage)
             ... on level 2 of the Dungeon.
             The game lasted 00:01:09 (927 turns).

Ethylacetat the Insei (Octopode Gladiator)           Turns: 927, Time: 00:01:09

Health: -1/36      AC:  1    Str: 14    XL:     5   Next: 16%
Magic:  5/5        EV: 14    Int: 10    God:
Gold:   69         SH:  0    Dex: 15    Spells: 4/4 levels left

rFire   . .          .
                       - Unarmed
rCold   . . .        (no shield)
rNeg    . . .        a - +0 hat
rPois   .            (no amulet)
rElec   .            (no ring)
rCorr   .            (no ring)
SInv    .            (no ring)
Will    .....        (no ring)
Stlth   ++           (no ring)
HPRegen 0.26/turn    (no ring)
MPRegen 0.09/turn    (no ring)
                     (no ring)

%: no passive effects
@: no status effects
A: almost no armour, amphibious, 8 rings, camouflage 1, gelatinous body 1,
(nimble swimmer 1), tentacles
a: no special abilities


You were on level 2 of the Dungeon.
You visited 1 branch of the dungeon, and saw 2 of its levels.

You collected 69 gold pieces.

Inventory:

Missiles
 b - 3 throwing nets (quivered)
 c - a javelin
Armour
 a - a +0 hat (worn)
Scrolls
 d - a scroll of revelation {unknown}
 h - a scroll of enchant weapon {unknown}
 i - a scroll of identify {unknown}
Potions
 e - 2 potions of degeneration {unknown}
 f - a potion of heal wounds {unknown}
 g - a potion of might {unknown}
 j - a potion of lignification {unknown}
 k - a potion of brilliance {unknown}
 l - a potion of enlightenment {unknown}


   Skills:
 + Level 3.4 Fighting
 - Level 2.0 Throwing
 + Level 4.0 Dodging
 + Level 4.0 Unarmed Combat


You had 4 spell levels left.
You didn't know any spells.
Your spell library contained the following spells:

 Spells                   Type           Power      Damage    Failure   Level
 Manifold Assault         Tloc           0%         N/A       98%         4
 Dispersal                Tloc           0%         N/A       100%        6
 Disjunction              Tloc           0%         N/A       100%        8


Dungeon Overview and Level Annotations

Branches:
Dungeon (2/15)

Altars:

Shops:
D:1 !


Innate Abilities, Weirdness & Mutations

You cannot wear most types of armour.
You are amphibious.
You can wear up to eight rings at the same time.
Your skin changes colour to match your surroundings (Stealth+).
Your rubbery body absorbs attacks. (AC +1, EV +1)
((You are camouflaged when in or above water. (Stealth+)))
You have tentacles for arms and can constrict up to eight enemies at once.


Message History

The adder is lightly wounded.
The adder bites you.
An adder is nearby!
You miss the adder. You grab the adder.
The adder is lightly wounded.
You constrict the adder. The adder misses you.
You tentacle-slap the adder but do no damage.
The adder is moderately wounded.
You constrict the adder. The adder bites you but does no damage.
An adder is nearby!
You bludgeon the adder!
You kill the adder!
l - a smoky coppery potion No target in view!
A gnoll comes into view. It is wielding a +0 spear.
A gnoll is nearby!
A gnoll comes into view. It is wielding a +0 flail.
There are monsters nearby!
A gnoll comes into view. It is wielding a +0 flail.
There are monsters nearby!
A gnoll comes into view. It is wielding a +0 whip.
The gnoll shouts! x2
The gnoll hits you with a +0 flail!
The gnoll shouts!
You barely miss the gnoll.
The gnoll shouts!
You grab the gnoll. You squeeze the gnoll!
The gnoll is severely wounded.
You constrict the gnoll, but do no damage.
The gnoll hits you with a +0 flail!
The gnoll struggles to escape constriction.
You tentacle-slap the gnoll but do no damage.
You tentacle-slap the gnoll.
The gnoll is almost dead.
You constrict the gnoll.
You kill the gnoll!
The gnoll hits you with a +0 flail!
* * * LOW HITPOINT WARNING * * *
The gnoll hits you from afar with a +0 spear.
You die...

....###....#...
...........'...
########+###......#...
#..........##.....#...
#..........###........
#..........###........
#..........†..........
#.#..g..................
#....g)@................
###...g......?......(...
#.....................
+.................#.##
#..............####..
#######+#......#
.......# ...


You could see 3 gnolls.

Vanquished Creatures
  A scorpion (D:2)
  A gnoll (D:2)
  3 adders (D:2)
  A dart slug (D:1)
  2 bats (D:1)
  3 endoplasms (D:1)
  2 giant cockroaches (D:1)
  4 goblins
  3 hobgoblins (D:1)
  5 jackals (D:1)
  5 kobolds
  3 quokkas (D:1)
  2 ball pythons (D:2)
  5 frilled lizards (D:1)
  7 rats
47 creatures vanquished.

Notes
Turn   | Place    | Note
-------+----------+-------------------------------------------
     0 | D:1      | Ethylacetat the Octopode Gladiator began the quest for the
                  | Orb.
     0 | D:1      | Reached XP level 1. HP: 14/14 MP: 1/1
    49 | D:1      | Reached XP level 2. HP: 19/19 MP: 2/2
   238 | D:1      | Reached XP level 3. HP: 25/25 MP: 3/3
   313 | D:1      | Found Goytzawn's Distillery.
   636 | D:1      | Found a faded altar of an unknown god.
   686 | D:2      | Noticed a scorpion
   692 | D:2      | Killed a scorpion
   693 | D:2      | Reached XP level 4. HP: 12/31 MP: 4/4
   864 | D:2      | Reached XP level 5. HP: 34/36 MP: 5/5
   927 | D:2      | Slain by a gnoll

Illustrated notes

Levels and vault maps discovered:
D:1:      dpeg_arrival_ternary, layout_basic, ebering_ecumenical_altar_mist,
          serial_shops, shop
D:2:      layout_basic, uniq_terence

Skill      XL: |  1  2  3  4 |
---------------+-------------+-----
Fighting       | 3 |  3.4
Dodging        | 4 |  4.0
Unarmed Combat | 4 |  4.0
Throwing       | |  2.0

Action                     |  1- 3 |  4- 6 || total
---------------------------+-------+-------++-------
  Melee: Unarmed           |    67 |    24 ||    91
         Constrict         |    20 |     5 ||    25
         Tentacles         |    15 |     2 ||    17
         Punch             |     1 |     2 ||     3
   Stab: Sleeping          |     6 |     3 ||     9
 Armour: Skin              |     5 |     2 ||     7
  Dodge: Dodged            |    37 |    12 ||    49

Table legend: (Time is in decaauts)
 A = Elapsed time spent in this place.
 B = Non-inter-level travel time spent in this place.
 C = Inter-level travel time spent in this place.
 D = Time resting spent in this place.
 E = Time spent auto-exploring this place.
 F = Levels seen in this place.
 G = Mean time per level.
                   A        B        C        D        E       F      G
               +--------+--------+--------+--------+--------+-----+--------+
         Total |    920 |    886 |     34 |      0 |    633 |   2 |  460.0 |
       Dungeon |    920 |    886 |     34 |      0 |    633 |   2 |  460.0 |
               +--------+--------+--------+--------+--------+-----+--------+

Top non-repeatable levels by time:
     D:1: 673 daAuts
     D:2: 247 daAuts
